 Dungeon Crawl Stone Soup version 0.30-a0-870-gc5d4c5acee (webtiles) character file.

Game seed: 92017043036226531

530 cforsyth the Trooper (level 7, 0/57 HPs)
             Began as a Barachi Fighter on Mar 11, 2023.
             Splashed by a jelly's acid (4 damage)
             ... on level 4 of the Dungeon.
             The game lasted 00:04:54 (4095 turns).

cforsyth the Trooper (Barachi Fighter)              Turns: 4095, Time: 00:04:55

Health: 0/57       AC: -7    Str: 17    XL:     7   Next: 24%
Magic:  7/7        EV: 14    Int:  8    God:
Gold:   157        SH:  5    Dex: 14    Spells: 6/6 levels left

rFire   . . .      SeeInvis .    a - +0 long sword
rCold   . . .      Faith    .    c - +0 buckler
rNeg    . . .      Spirit   .    w - +1 scale mail {rPois}
rPois   +          Reflect  .    (no helmet)
rElec   .          Rampage  .    (no cloak)
rCorr   .                        (no gloves)
Will    .....                    (no boots) Stlth
                                 (no amulet)
HPRegen 0.29/turn                h - +5 ring of evasion
MPRegen 0.10/turn                (no ring)

@: corroded, slow
A: amphibious, slowness 1, strong legs 1, +LOS
a: Hop


You were on level 4 of the Dungeon.
You visited 1 branch of the dungeon, and saw 4 of its levels.

You collected 157 gold pieces.

Inventory:

Hand Weapons
 a - a +0 long sword (weapon)
Armour
 c - a +0 buckler (worn)
 w - a +1 scale mail of poison resistance (worn)
Jewellery
 h - a +5 ring of evasion (left hand)
 v - a ring of ice
Wands
 u - a wand of flame (33)
Scrolls
 e - 2 scrolls of vulnerability {unknown}
 g - 2 scrolls of identify {unknown}
 i - a scroll of amnesia {unknown}
 m - a scroll of immolation {unknown}
 q - 2 scrolls of magic mapping {unknown}
 s - 3 scrolls of fear {unknown}
 t - a scroll of teleportation {unknown}
 x - a scroll of fog {unknown}
Potions
 b - a potion of haste {unknown}
 d - a potion of might
 f - 5 potions of curing
 j - a potion of heal wounds
 k - 2 potions of lignification {unknown}
 l - 2 potions of brilliance {unknown}
 n - a potion of magic {unknown}
 o - a potion of cancellation {unknown}
 p - 2 potions of resistance {unknown}
 r - a potion of flight {unknown}


   Skills:
 + Level 5.7 Fighting
 + Level 5.0 Long Blades
 + Level 5.7 Armour
 + Level 5.2 Shields


You had 6 spell levels left.
You didn't know any spells.
Your spell library contained the following spells:

 Spells                   Type           Power      Damage    Failure   Level
 Sting                    Tmut/Pois      0%         1d3       86%         1
 Ensorcelled Hibernation  Hex/Ice        0%         N/A       95%         2
 Passwall                 Tmut/Erth      0%         N/A       95%         2
 Poisonous Vapours        Pois/Air       0%         N/A       95%         2
 Swiftness                Air            0%         N/A       99%         3
 Olgreb's Toxic Radiance  Pois           0%         N/A       100%        4


Dungeon Overview and Level Annotations

Branches:
Dungeon (4/15)
 Temple: D:4-7

Altars:


Innate Abilities, Weirdness & Mutations

You are amphibious.
You cover ground slowly.
You can hop short distances.
You have an extended range of vision and can be seen from far away.


Message History

The jelly is moderately wounded.
The jelly barely misses you.
You hit the jelly but do no damage. The acid corrodes you!
Your hands burn!
The jelly is moderately wounded.
The jelly hits you but does no damage.
You hit the jelly.
Your hands burn!
The jelly is heavily wounded.
The jelly hits you. The acid corrodes you!
You are splashed with acid!
You hit the jelly but do no damage.
Your hands burn!
The jelly is heavily wounded.
You block the jelly's attack.
You hit the jelly. The acid corrodes you!
Your hands burn!
The jelly is almost dead.
The jelly barely misses you. The jelly hits you. The acid corrodes you!
You are splashed with acid!
You hit the jelly but do no damage.
Your hands burn!
The jelly is almost dead.
You block the jelly's attack.
You barely miss the jelly.
The jelly is almost dead.
The jelly closely misses you.
You hit the jelly but do no damage.
Your hands burn!
The jelly is almost dead.
The jelly completely misses you.
You hit the jelly but do no damage.
Your hands burn!
The jelly is almost dead.
The jelly misses you.
You hit the jelly but do no damage.
Your hands burn!
The jelly is almost dead.
The jelly hits you.
* * * LOW HITPOINT WARNING * * *
You are splashed with acid.
* * * LOW HITPOINT WARNING * * *
You hit the jelly.
Your hands burn!
* * * LOW HITPOINT WARNING * * *
The jelly is almost dead.
The jelly hits you.
* * * LOW HITPOINT WARNING * * *
The acid corrodes you!
You are splashed with acid.
You die...

#......<.........≈≈≈≈≈≈≈
#...#.....#####.........
#................≈≈≈≈≈≈≈
##...##.##...##...≈#≈≈#≈≈
#.................≈≈≈≈≈≈≈
###........###.#.###############
#........##.....#.............
##..........##....)....>....#.
#......#....@J.......?.......
#.........####..#............
#.<.....#.# #.##............
#.......#.# #..##..........#.
#)......# #...#..........#
#.......# #.#............#
#......## #.###..#..##..##
####..... .. ##..... ?..#
...###.# ## #.#.....#.#


You could see a jelly.

Vanquished Creatures
  A phantom (D:3)
  A scorpion (D:4)
  A hound (D:3)
  A jelly (D:2)
  Ijyb (D:3)
  Natasha (thrice) (D:2)
  Terence (D:2)
  Robin (D:3)
  4 gnolls
  6 adders
  6 worms
  A dart slug (D:1)
  An orc (D:3)
  5 bats
  4 endoplasms
  4 giant cockroaches
  15 goblins
  5 hobgoblins
  10 jackals
  3 quokkas
  11 ball pythons
  4 frilled lizards
  5 kobolds
  4 rats
98 creatures vanquished.

Vanquished Creatures (others)
  19 plants (D:3)
19 creatures vanquished.

Grand Total: 117 creatures vanquished

Notes
Turn   | Place    | Note
-------+----------+-------------------------------------------
     0 | D:1      | cforsyth the Barachi Fighter began the quest for the Orb.
     0 | D:1      | Reached XP level 1. HP: 18/18 MP: 1/1
   143 | D:1      | Reached XP level 2. HP: 25/25 MP: 2/2
   643 | D:1      | Reached XP level 3. HP: 30/30 MP: 3/3
  1065 | D:2      | Noticed Natasha
  1071 | D:2      | Killed Natasha
  1074 | D:2      | Noticed Natasha
  1082 | D:2      | Killed Natasha
  1083 | D:2      | Reached XP level 4. HP: 34/38 MP: 4/4
  1235 | D:2      | Noticed Natasha
  1244 | D:2      | Killed Natasha
  1245 | D:2      | Reached XP level 5. HP: 28/43 MP: 5/5
  1392 | D:2      | Noticed Terence
  1637 | D:3      | Noticed Robin
  1895 | D:3      | HP: 1/43 [goblin/+0 club[Robin] (3)]
  2100 | D:3      | Reached skill level 5 in Fighting
  2100 | D:3      | Reached skill level 5 in Armour
  2100 | D:3      | Reached XP level 6. HP: 36/51 MP: 6/6
  2127 | D:3      | Killed Robin
  2461 | D:4      | Noticed Ijyb
  2595 | D:3      | Found a faded altar of an unknown god.
  3413 | D:2      | Killed Terence
  3414 | D:2      | Reached skill level 5 in Shields
  3663 | D:2      | Reached XP level 7. HP: 53/56 MP: 7/7
  3700 | D:3      | Killed Ijyb
  4033 | D:4      | Reached skill level 5 in Long Blades
  4095 | D:4      | Splashed by a jelly's acid

Illustrated notes

Levels and vault maps discovered:
D:1:      ncdulo_watergridlock, layout_basic, nrook_campfire,
          minmay_misc_feat_hallway
D:2:      layout_basic, amcnicky_mini_rare_corridor_liquid, uniq_natasha,
          uniq_terence
D:3:      layout_rooms, nicolae_ecumenical_snake_handling, solitary_fountain,
          serial_bayou_ford_a, nicolae_wormholes, uniq_robin
D:4:      layout_rooms, lemuel_coloured_pillars_altar,
          nicolae_tso_swordbearing_angel, temple_hall_moat, uniq_menkaure,
          uniq_ijyb

Skill      XL: |  1  2  3  4  5  6  7 |
---------------+----------------------+-----
Fighting       | 4 5 |  5.7
Armour         | 4 5 |  5.7
Long Blades    | 3 4 5 |  5.0
Shields        | 4 5 |  5.2

Action                     |  1- 3 |  4- 6 |  7- 9 || total
---------------------------+-------+-------+-------++-------
  Melee: Long sword        |    81 |   235 |    55 ||   371
    Use: Potion            |       |     4 |       ||     4
 Armour: Scale mail        |    41 |    85 |    16 ||   142
  Dodge: Dodged            |    51 |   223 |    28 ||   302
  Block: Buckler           |    15 |    72 |    16 ||   103

Table legend: (Time is in decaauts)
 A = Elapsed time spent in this place.
 B = Non-inter-level travel time spent in this place.
 C = Inter-level travel time spent in this place.
 D = Time resting spent in this place.
 E = Time spent auto-exploring this place.
 F = Levels seen in this place.
 G = Mean time per level.
                   A        B        C        D        E       F      G
               +--------+--------+--------+--------+--------+-----+--------+
         Total |   4586 |   4476 |    110 |   1135 |   2464 |   4 | 1146.5 |
       Dungeon |   4586 |   4476 |    110 |   1135 |   2464 |   4 | 1146.5 |
               +--------+--------+--------+--------+--------+-----+--------+

Top non-repeatable levels by time:
     D:3: 2068 daAuts
     D:1: 1184 daAuts
     D:2: 1178 daAuts
     D:4: 154 daAuts
